 Dungeon Crawl Stone Soup version 0.31-a0-1237-gabc64e778c (webtiles) character file.

Game seed: 10594608301896801508

365541 backslashecho the Eclecticist (level 22, -1/141 HPs)
             Began as an Octopode Ice Elementalist on Dec 14, 2023.
             Was the Champion of Vehumet.
             Killed from afar by an acid blob (12 damage)
             ... with a splash of acid
             ... on level 5 of the Pits of Slime on Dec 15, 2023.
             The game lasted 04:48:19 (74580 turns).

backslashecho the Eclecticist (OpIE)               Turns: 74580, Time: 04:48:20

Health: -1/141     AC:  5    Str:  8    XL:     22   Next: 54%
Magic:  15/55      EV: 23    Int: 34    God:    Vehumet [******]
Gold:   1583       SH: 24    Dex: 17    Spells: 4/61 levels left

rFire   + + +        e - staff of fire
rCold   + . .        Y - +5 kite shield {reflect}
rNeg    . . .        (helmet restricted)
rPois   +            R - amulet of reflection
rElec   .            D - +5 ring of evasion
rCorr   +            J - ring of protection from fire
SInv    .            I - ring of Hawato {rPois Will+ AC+4 Dex+3}
Will    ++...        c - ring of magical power
Stlth   +++          n - +6 ring of intelligence
HPRegen 0.43/turn    j - ring "Vofuxkev" {Fly rF+ Int+2 Stlth-}
MPRegen 0.34/turn    Q - ring of resist corrosion
                     S - ring of protection from cold

%: reflection
@: marked, flying, studying 2 skills
A: almost no armour, amphibious, 8 rings, camouflage 1, gelatinous body 1,
(nimble swimmer 1), tentacles
}: 2/15 runes: serpentine, barnacled
a: Renounce Religion


You were on level 5 of the Pits of Slime.
You worshipped Vehumet.
Vehumet was exalted by your worship.
You visited 10 branches of the dungeon, and saw 44 of its levels.
You visited 1 bazaar.
You also visited: Bailey.

You collected 4430 gold pieces.
You spent 2847 gold pieces at shops.

Inventory:

Missiles
 L - 10 throwing nets
Armour
 Y - a +5 kite shield of reflection (worn)
Magical Staves
 a - a staff of conjuration
 b - a staff of air
 e - a staff of fire (weapon)
Jewellery
 c - a ring of magical power (on tentacle)
 j - the ring "Vofuxkev" (on tentacle) {Fly rF+ Int+2 Stlth-}
   (You took it off a deep elf annihilator on level 3 of the Elven Halls)

   [ring of flight]

   Int+2:     It affects your intelligence (+2).
   rF+:       It protects you from fire.
   Fly:       It grants you flight.
   Stlth-:    It makes you less stealthy.
 n - a +6 ring of intelligence (on tentacle)
 v - the ring of Lucidity {rPois rC- Int+6 Dex+5}
   (You bought it in a shop in a bazaar)

   [ring of intelligence]

   Int+6:     It affects your intelligence (+6).
   Dex+5:     It affects your dexterity (+5).
   rC-:       It makes you vulnerable to cold.
   rPois:     It protects you from poison
 D - a +5 ring of evasion (left tentacle)
 I - the ring of Hawato (on tentacle) {rPois Will+ AC+4 Dex+3}
   (You found it on level 2 of the Orcish Mines)

   [ring of protection]

   AC+4:      It affects your AC (+4).
   Dex+3:     It affects your dexterity (+3).
   rPois:     It protects you from poison Will+: It increases your willpower.
 J - a ring of protection from fire (right tentacle)
 Q - a ring of resist corrosion (on tentacle)
 R - an amulet of reflection (around mantle)
 S - a ring of protection from cold (on tentacle)
 U - the ring "Ipre Mub" {*Slow rElec rPois MP+9 Stlth+}
   (You found it on level 2 of the Elven Halls)

   [ring of magical power]

   rElec:     It insulates you from electricity.
   rPois:     It protects you from poison MP+9: It affects your magic capacity
   (+9).
   *Slow:     It may slow you when you take damage.
   Stlth+:    It makes you more stealthy.
Talismans
 f - a talisman of death
Wands
 B - a wand of light (35)
 E - a wand of flame (113)
 G - a wand of paralysis (14)
 M - a wand of digging (11)
 N - a wand of roots (18)
 V - a wand of mindburst (3)
Scrolls
 d - 3 scrolls of blinking
 l - 24 scrolls of teleportation
 p - 5 scrolls of amnesia
 q - 2 scrolls of torment
 r - 4 scrolls of fog
 t - 3 scrolls of summoning
 w - 7 scrolls of revelation
 y - a scroll of poison
 C - 7 scrolls of vulnerability
 K - 7 scrolls of enchant armour
 W - 6 scrolls of immolation
Potions
 g - 7 potions of mutation
 h - 6 potions of magic
 i - 9 potions of heal wounds
 k - 4 potions of ambrosia
 m - 7 potions of haste
 o - a potion of resistance
 s - 5 potions of enlightenment
 u - 10 potions of curing
 z - 5 potions of invisibility
 F - 6 potions of brilliance
 O - 2 potions of cancellation
 T - 3 potions of might
Miscellaneous
 H - a lightning rod (4/4)
 P - a phial of floods
 X - a box of beasts
 Z - a phantom mirror


   Skills:
 - Level 9.0 Fighting
 - Level 2.0 Short Blades
 - Level 10.7 Dodging
 - Level 4.0 Stealth
 + Level 15.8 Shields
 + Level 20.2 Spellcasting
 - Level 12.0 Conjurations
 - Level 4.0 Summonings
 - Level 6.0 Necromancy
 - Level 16.0 Fire Magic
 - Level 10.0 Ice Magic
 - Level 9.0 Air Magic
 - Level 8.0 Earth Magic
 - Level 3.0 Poison Magic
 - Level 11.0 Evocations


You had 4 spell levels left.
You knew the following spells:

 Your Spells              Type           Power      Damage    Failure   Level
a - Stone Arrow           Conj/Erth      100%       3d13      1%          3
b - Ozocubu's Armour      Ice            80%        N/A       1%          3
c - Maxwell's Capacitive  Air            38%        ∞         63%         8
d - Borgnjor's Vile Clut  Necr/Erth      35%        N/A       3%          5
e - Mephitic Cloud        Conj/Pois/Air  73%        N/A       1%          3
f - Bombard               Conj/Erth      40%        9d7       1%          6
g - Iskenderun's Mystic   Conj/Tloc      66%        2d14      1%          4
h - Hailstorm             Conj/Ice       83%        3d14      1%          3
i - Ignition              Fire           60%        3d16      5%          8
j - Plasma Beam           Fire/Air       54%        2x1d69    1%          6
k - Magic Dart            Conj           100%       1d8       0%          1
n - Freeze                Ice            100%       1d10      1%          1
r - Starburst             Conj/Fire      57%        6d15      1%          6

Your spell library contained the following spells:

 Spells                   Type           Power      Damage    Failure   Level
 Lehudib's Crystal Spear  Conj/Erth      40%        10d10     50%         8
 Polar Vortex             Ice            40%        12d5*     100%        9
 Shatter                  Erth           36%        3d29*     100%        9
 Foxfire                  Conj/Fire      100%       2x1d9     0%          1
 Scorch                   Fire           100%       2d9       0%          2
 Searing Ray              Conj           100%       2d8       0%          2
 Sandblast                Erth           100%       2d20      1%          1
 Call Imp                 Summ           100%       N/A       1%          2
 Cigotuvi's Dreadful Rot  Necr/Pois/Air  100%       N/A       1%          2
 Ensorcelled Hibernation  Hex/Ice        100%       N/A       1%          2
 Passwall                 Tmut/Erth      47%        N/A       1%          2
 Static Discharge         Conj/Air       100%       3-8/arc   1%          2
 Dazzling Flash           Conj/Hex       100%       N/A       1%          3
 Frozen Ramparts          Ice            100%       1d16      1%          3
 Ignite Poison            Fire/Tmut/Pois 86%        N/A       1%          3
 Inner Flame              Hex/Fire       93%        N/A       1%          3
 Vampiric Draining        Necr           66%        2d10      1%          3
 Brom's Barrelling Bould  Conj/Erth      80%        2d9       1%          4
 Dispel Undead            Necr           66%        3d23      1%          4
 Flame Wave               Conj/Fire      100%       2d21      1%          4
 Fulminant Prism          Conj/Hex       33%        3d15      1%          4
 Sticky Flame             Conj/Fire      100%       2d11      1%          4
 Summon Ice Beast         Ice/Summ       70%        N/A       1%          4
 Summon Lightning Spire   Summ/Air       68%        N/A       1%          4
 Apportation              Tloc           68%        N/A       2%          1
 Slow                     Hex            100%       N/A       2%          1
 Jinxbite                 Hex            68%        N/A       3%          2
 Lesser Beckoning         Tloc           68%        N/A       3%          2
 Leda's Liquefaction      Hex/Erth       28%        N/A       4%          4
 Confusing Touch          Hex            34%        N/A       6%          3
 Gell's Gravitas          Tloc           34%        N/A       6%          3
 Sigil of Binding         Hex            34%        N/A       6%          3
 Teleport Other           Tloc           34%        N/A       6%          3
 Tukima's Dance           Hex            34%        N/A       6%          3
 Anguish                  Hex/Necr       26%        N/A       6%          4
 Dimensional Bullseye     Hex/Tloc       17%        N/A       22%         4
 Arcjolt                  Conj/Air       41%        1d51      1%          5
 Lee's Rapid Deconstruct  Erth           36%        3d18*     1%          5
 Simulacrum               Ice/Necr       36%        N/A       12%         6
 Summon Forest            Summ/Tloc      24%        N/A       26%         5
 Summon Mana Viper        Hex/Summ       48%        N/A       26%         5
 Death Channel            Necr           33%        N/A       28%         6
 Alistair's Intoxication  Tmut/Pois      29%        N/A       32%         5
 Eringya's Noxious Bog    Tmut/Pois      22%        4d6       41%         6
 Summon Cactus Giant      Summ           28%        N/A       54%         6
 Fire Storm               Conj/Fire      57%        8d14      83%         9
 Dispersal                Tloc           17%        N/A       97%         6
 Summon Hydra             Summ           28%        N/A       98%         7
 Chain Lightning          Conj/Air       41%        3d54      99%         9
 Discord                  Hex            17%        N/A       100%        8


Dungeon Overview and Level Annotations

Branches:
Dungeon (15/15)            Temple (1/1) D:6            Lair (5/5) D:8
 Shoals (4/4) Lair:2        Snake (4/4) Lair:3        Slime (5/5) Lair:5
    Orc (2/2) D:12            Elf (3/3) Orc:2        Vaults (4/5) D:14
  Crypt (0/3) Vaults:3     Depths (1/4) D:15         Bailey (visited)

Altars:
Ashenzari
Cheibriados
Dithmenos
Elyvilon
Fedhas
Gozag
Hepliaklqana
Kikubaaqudgha
Makhleb
Nemelex Xobeh
Okawaru
Qazlal
Ru
Sif Muna
Trog
Uskayaw
Vehumet
Wu Jian
Xom
Yredelemnul
Zin
The Shining One

Shops:
D:2 !   D:6 !   D:9 !   D:11 ?!(?[   Orc:2 :(*[   Elf:2 (:   Vaults:4 **

Portals:
Trove: Vaults:3 (give 6 scrolls of fog)

Annotations:
D:3 Natasha
D:4 exclusion: ogre
D:7 exclusion: 4 killer bees
D:15 Roxanne
Temple 4 transporters
Lair:4 exclusion: oklob plant
Shoals:4 Mara
Snake:2 1 runed translucent door, Luurhike's ghost, adept MiFi
Snake:4 3 runed translucent doors, exclusion: 3 doors
Slime:5 Royal Jelly
Elf:1 4 runed translucent doors, exclusion: 4 doors
Elf:2 3 runed translucent doors, exclusion: 3 doors, grandjackal's ghost, adept DsGl
Depths:1 the Enchantress


Innate Abilities, Weirdness & Mutations

You cannot wear most types of armour.
You are amphibious.
You can wear up to eight rings at the same time.
Your skin changes colour to match your surroundings (Stealth+).
Your rubbery body absorbs attacks. (AC +1, EV +1)
((You are camouflaged when in or above water. (Stealth+)))
You have tentacles for arms and can constrict up to eight enemies at once.


Message History

You feel your power returning.
The fireball engulfs the acid blob!!
The acid blob is moderately wounded.
The fireball engulfs the rockslime but does no damage.
The rockslime is heavily wounded.
The fireball engulfs the azure jelly!!!
The azure jelly is burned terribly!
The azure jelly is almost dead.
A quicksilver ooze comes into view.
You block the azure jelly's attack. The azure jelly misses you.
You block the azure jelly's attack. The azure jelly completely misses you.
A quicksilver ooze comes into view.
A shining eye comes into view.
You now have 21/55 mp.
Casting: Ignition (dangerous; 5% risk of failure)
Confirm with . or Enter, or press ? or * to list all spells.
Casting: Ignition (dangerous; 5% risk of failure)
Press: ? - help, Dir - look around, f - activate You feel a surge of power!
The air bursts into flame!
The fireball engulfs the quicksilver ooze!
The quicksilver ooze is lightly wounded.
The fireball engulfs the quicksilver ooze!
The quicksilver ooze is moderately wounded.
The fireball engulfs the acid blob!!
The acid blob is severely wounded.
The fireball engulfs the rockslime but does no damage.
The rockslime is heavily wounded.
The fireball engulfs the azure jelly!!!
The azure jelly is burned terribly!
You kill the azure jelly!
Vehumet accepts your kill.
You feel your power returning.
The fireball engulfs the shining eye!!!
The shining eye is severely wounded.
The fireball engulfs the rockslime.
The rockslime completely resists.
The rockslime is heavily wounded.
The Royal Jelly comes into view.
The rockslime hits you!!!
You are shoved backwards!
The Royal Jelly moves out of view.
You take 41 damage, and have 55/141 hp.
MASSIVE DAMAGE!!
You now have 20/55 mp.
Unknown command.
Casting: Ignition (dangerous; 5% risk of failure)
Confirm with . or Enter, or press ? or * to list all spells.
Aiming: Bombard (mildly dangerous; 1% risk of failure)
Press: ? - help, Shift-Dir - straight line, f - rockslime
Aim: a rockslime (heavily wounded, 100% to hit)
The iron shot hits the rockslime!
The rockslime is severely wounded.
The rockslime jiggles.
The rockslime hits you!!!
* * * LOW HITPOINT WARNING * * *
You hold your ground!
The acid blob spits acid at you. The splash of acid hits you! You resist.
You die...

.......................J.......,,
...............................,,
..................J...J.G......,,
<..................J...........,,
...............................,,
#####..........................,,
* ######.....................,, *
####....J.............**
#####.@..######....##*
##########?$:(######
#########?$##[!###
########=?#:)#!:#
########)#|$(|#(#
#################
################


You could see an acid blob, a rockslime and 2 quicksilver oozes.

Vanquished Creatures
  Saint Roka (Snake:4)
  Nikola (Elf:3)
  Mlioglotl (Snake:1)
  2 deep elf master archers (Elf:3)
  Asterion (Depths:1)
  Polyphemus (Shoals:2)
  6 acid blobs
  2 sphinxes
  2 deep elf blademasters (Elf:3)
  6 krakens
  A shadow dragon (Vaults:4)
  Aizul (Elf:3)
  A rockslime (Slime:4)
  6 nagarajas (Snake:4)
  3 azure jellies
  4 vault wardens
  3 deep elf sorcerers (Elf:3)
  A frost giant (Depths:1)
  Louise (Shoals:1)
  9 deep elf elementalists
  5 orc warlords
  An angel (Shoals:3)
  7 ironbound preservers
  6 formless jellyfish
  7 quicksilver oozes
  5 deep elf demonologists (Elf:3)
  A stone giant (Depths:1)
  Azrael (D:14)
  10 ironbound thunderhulks
  5 very ugly things
  A vampire knight (D:12)
  6 deep elf annihilators (Elf:3)
  15 deep elf death magi
  5 dire elephants
  The ghost of xnavy the Nimble, a journeyman SpHs of Qazlal (Orc:2)
  2 crystal guardians (Vaults:4)
  Snorg (D:10)
  7 merfolk javelineers
  2 ettins
  3 deep elf high priests
  Fannar (Orc:1)
  2 entropy weavers
  10 merfolk impalers
  Josephine (D:11)
  8 great orbs of eyes
  13 yaktaur captains
  14 centaur warriors
  2 peacekeepers (Vaults:4)
  A hydra (D:15)
  6 vault guards
  5 merfolk aquamancers (Shoals:4)
  2 salamander tyrants (Snake:4)
  A spriggan air mage (Depths:1)
  A catoblepas (Shoals:2)
  2 ice dragons (Depths:1)
  3 ogre magi (D:15)
  9 ironbound frosthearts
  A rakshasa (D:15)
  13 anacondas
  A merfolk avatar (Shoals:1)
  6 boulder beetles
  18 two-headed ogres
  A tengu warrior (D:15)
  12 naga warriors
  A deep troll shaman (D:15)
  16 dancing weapons
  2 deep troll earth magi (Depths:1)
  8 death yaks
  5 orc high priests
  6 shock serpents
  2 iron trolls (Depths:1)
  11 deep elf knights
  15 naga sharpshooters
  2 skysharks
  A spectral death yak (Lair:5)
  A skyshark (shapeshifter) (Elf:2)
  2 cherubim (Shoals:4)
  A spectral anaconda (Lair:5)
  3 salamander mystics
  A flayed ghost (D:12)
  12 sea snakes
  6 naga ritualists
  8 deep elf archers
  23 deep trolls
  An obsidian statue (Lair:5)
  A lindwurm (Vaults:2)
  11 harpies
  A phantasmal warrior (Vaults:4)
  26 deep elf pyromancers
  12 ironbound convokers
  9 orc knights
  10 cyclopes
  27 deep elf zephyrmancers
  15 ugly things
  4 arcanists
  2 shining eyes
  5 orc sorcerers
  4 necromancers (Lair:5)
  7 manticores
  5 fauns
  13 salamanders
  7 mana vipers
  17 elephants
  14 vault sentinels
  22 naga magi
  6 guardian serpents
  A water nymph (shapeshifter) (D:15)
  2 kobold blastminers (Orc:1)
  8 merfolk sirens
  5 water nymphs
  28 black mambas
  A gargoyle (D:12)
  12 cane toads
  An unseen horror (shapeshifter) (D:15)
  2 orange demons (Orc:2)
  3 rime drakes
  32 yaktaurs
  2 unseen horrors
  A tengu conjurer (D:15)
  10 komodo dragons
  An ice devil (Lair:2)
  8 trolls
  27 merfolk
  6 wind drakes
  2 polar bears
  A wolf spider simulacrum (D:12)
  23 blink frogs
  2 glass eyes
  2 spectral elephants (Lair:5)
  9 dream sheep
  9 snapping turtles
  67 slime creatures
  3 air elementals
  Sigmund (D:3)
  A centaur simulacrum (D:12)
  13 water elementals
  2 vampires
  A dire elephant simulacrum (Lair:5)
  4 wyverns
  62 yaks
  Grum (D:9)
  7 wraiths
  9 fire elementals
  A death yak simulacrum (Lair:5)
  13 vampire mosquitoes
  2 redbacks (Vaults:1)
  5 basilisks
  2 steam dragons (D:8)
  A steam dragon (shapeshifter) (Elf:3)
  2 wargs
  53 nagas
  An acid dragon (D:11)
  3 hell hounds (D:14)
  12 water moccasins
  A spectral cane toad (Lair:5)
  2 black bears
  3 ice beasts
  45 orc warriors
  An elephant zombie (Lair:5)
  A sky beast (D:7)
  8 ogres
  2 boggarts (D:14)
  7 wolves
  29 centaurs
  2 elephant skeletons (Lair:5)
  Blork the orc (D:6)
  A kobold brigand (D:8)
  9 bullfrogs
  2 earth elementals
  2 gnoll sergeants (D:12)
  4 scorpions
  7 wights
  9 killer bees
  4 howler monkeys
  5 electric eels
  A crimson imp (D:9)
  2 lava snakes (Lair:3)
  A gnoll bouda (D:9)
  9 hounds
  7 jellies
  19 orc priests
  A sleepcap (D:8)
  2 iguanas (D:4)
  Natasha (D:3)
  30 orc wizards
  6 hell rats (Lair:2)
  Robin (D:3)
  5 adders
  2 gnolls (D:9)
  A shadow imp (D:6)
  2 white imps
  A worm (D:4)
  3 dart slugs
  105 orcs
  An endoplasm (D:3)
  2 giant cockroaches (D:4)
  16 goblins
  11 hobgoblins
  6 jackals
  19 kobolds
  4 quokkas
  5 ball pythons
  5 bats
  6 frilled lizards
  8 rats
  4 tentacles
1517 creatures vanquished.

Vanquished Creatures (collateral kills)
  2 hydras
  A boulder beetle (Lair:4)
  Erica (Lair:2)
  A two-headed ogre (D:9)
  2 death yaks (Lair:4)
  2 skysharks
  A manticore (D:6)
  2 elephants (Lair:5)
  6 cane toads
  An ice devil (Lair:2)
  A hornet (D:8)
  A troll (D:9)
  3 blink frogs
  A slime creature (Lair:5)
  5 yaks
  A wyvern (Lair:3)
  4 water moccasins
  An orc warrior (Bailey)
  3 wolves
  An ogre (D:7)
  A gnoll sergeant (D:9)
  3 bullfrogs
  A wight (D:7)
  2 jellies (Lair:5)
  6 gnolls (D:9)
53 creatures vanquished.

Vanquished Creatures (others)
  An unseen horror (D:11)
  A boggart (D:14)
  30 tentacles
32 creatures vanquished.

Grand Total: 1602 creatures vanquished

Notes
Turn   | Place    | Note
-------+----------+-------------------------------------------
     0 | D:1      | backslashecho the Octopode Ice Elementalist began the quest
                  | for the Orb.
     0 | D:1      | Reached XP level 1. HP: 11/11 MP: 3/3
   204 | D:1      | Reached XP level 2. HP: 17/17 MP: 3/5
   762 | D:2      | Reached XP level 3. HP: 19/21 MP: 1/6
  1114 | D:2      | Learned a level 3 spell: Frozen Ramparts
  1251 | D:2      | Found Amaico's Distillery.
  1256 | D:2      | Bought a potion of degeneration for 12 gold pieces
  1287 | D:2      | Found a glowing silver altar of Zin.
  1340 | D:2      | Reached XP level 4. HP: 27/27 MP: 7/7
  1730 | D:3      | Learned a level 3 spell: Ozocubu's Armour
  1731 | D:3      | Noticed Robin
  1793 | D:3      | Reached skill level 5 in Ice Magic
  1798 | D:3      | Killed Robin
  1934 | D:3      | Noticed Sigmund
  2025 | D:3      | Killed Sigmund
  2026 | D:3      | Reached skill level 3 in Spellcasting
  2026 | D:3      | Reached XP level 5. HP: 25/31 MP: 9/10
  2026 | D:3      | Reached XP level 6. HP: 29/36 MP: 9/11
  2437 | D:3      | Noticed Natasha
  2445 | D:3      | Killed Natasha
  2525 | D:3      | Noticed Natasha
  2834 | D:4      | Reached skill level 1 in Short Blades
  3136 | D:4      | Reached XP level 7. HP: 41/41 MP: 12/12
  3521 | D:4      | Reached skill level 4 in Spellcasting
  3677 | D:5      | Entered Level 5 of the Dungeon
  3946 | D:5      | Found a snail-covered altar of Cheibriados.
  4017 | D:5      | Reached skill level 1 in Fighting
  4187 | D:5      | Reached XP level 8. HP: 31/50 MP: 12/14
  4499 | D:5      | Identified the +2 robe of the Lair of Beasts {rF- Str-4
                  | Dex+9}
  4691 | D:6      | Noticed Blork the orc
  4700 | D:6      | Killed Blork the orc
  4810 | D:6      | Found a staircase to the Ecumenical Temple.
  4819 | Temple   | Found a transporter.
  4819 | Temple   | Found a transporter.
  4819 | Temple   | Found a transporter.
  4819 | Temple   | Found a transporter.
  4819 | Temple   | Entered the Ecumenical Temple
  4911 | D:6      | Reached skill level 5 in Spellcasting
  5034 | D:6      | Found a shadowy altar of Dithmenos.
  5134 | D:6      | Noticed a two-headed ogre
  5145 | D:6      | Killed a two-headed ogre
  5146 | D:6      | Reached skill level 6 in Spellcasting
  5146 | D:6      | Reached XP level 9. HP: 33/59 MP: 13/18
  5151 | D:6      | Learned a level 4 spell: Summon Ice Beast
  5253 | D:6      | Reached skill level 1 in Summonings
  5259 | D:6      | Noticed a manticore
  5279 | D:6      | Killed a manticore
  5280 | D:6      | Reached skill level 5 in Fighting
  5436 | D:6      | Reached skill level 7 in Spellcasting
  5582 | D:6      | Found a glowing silver altar of Zin.
  5632 | D:6      | Found Ozuysit's Distillery.
  5994 | D:7      | Found a broken altar of Ashenzari.
  6623 | D:7      | Reached XP level 10. HP: 66/66 MP: 21/21
  6982 | D:8      | Reached skill level 8 in Spellcasting
  7026 | D:8      | Noticed a two-headed ogre
  7073 | D:8      | Killed a two-headed ogre
  7074 | D:8      | Reached skill level 5 in Dodging
  7079 | D:8      | Reached skill level 9 in Spellcasting
  7222 | D:8      | Found a staircase to the Lair.
  7510 | D:8      | Identified the +9 morningstar of Gin and Tonic {freeze,
                  | ^Contam rF+ rN+ Dex+8}
  7531 | D:8      | Learned a level 3 spell: Hailstorm
  8089 | D:8      | Found a shimmering blue altar of Sif Muna.
  8291 | D:9      | Found a blossoming altar of Fedhas.
  8457 | D:9      | Found a radiant altar of Vehumet.
  8458 | D:9      | Found a burning altar of Makhleb.
  8465 | D:9      | Became a worshipper of Vehumet
  8564 | D:9      | Noticed Grum
  8575 | D:9      | Killed Grum
  8576 | D:9      | Reached XP level 11. HP: 68/72 MP: 13/24
  8818 | D:9      | Found Horu's Distillery.
  8871 | D:9      | Found a basalt altar of Yredelemnul.
  9137 | D:9      | Found an ancient bone altar of Kikubaaqudgha.
  9147 | D:9      | Noticed a two-headed ogre
  9193 | D:9      | Reached skill level 10 in Ice Magic
  9388 | D:9      | Killed a two-headed ogre
  9723 | D:10     | Entered Level 10 of the Dungeon
  9907 | D:10     | Learned a level 1 spell: Magic Dart
  9911 | D:10     | Learned a level 3 spell: Mephitic Cloud
  9911 | D:10     | Found a white marble altar of Elyvilon.
  9911 | D:10     | Noticed Snorg
  9930 | D:10     | Killed Snorg
  9931 | D:10     | Reached skill level 10 in Spellcasting
 10010 | D:10     | Found a flagged portal.
 10047 | Bailey   | Entered a bailey
 10052 | Bailey   | Reached * piety under Vehumet
 10052 | Bailey   | Offered knowledge of Sandblast by Vehumet.
 10501 | Bailey   | Reached skill level 1 in Air Magic
 10629 | Bailey   | Identified the +5 bardiche "Xotass" {antimagic, Fly rF-
                  | rCorr Int+5}
 10739 | Bailey   | Reached ** piety under Vehumet
 10750 | Bailey   | Offered knowledge of Static Discharge by Vehumet.
 11612 | D:11     | Found Uzer's Antique Armour Emporium.
 11650 | D:11     | Identified the +0 pair of boots "Emiurex" {rF+++ rN+ Will-
                  | Regen+}
 11652 | D:11     | Found Tufef's Magic Scroll Shoppe.
 11655 | D:11     | Bought a scroll of blinking for 127 gold pieces
 11740 | D:11     | Found Morph's Distillery.
 11784 | D:11     | Found Cayjaodgh's Magic Scroll Shop.
 11791 | D:11     | Bought a scroll of blinking for 127 gold pieces
 11920 | D:11     | Noticed a boulder beetle
 11938 | D:11     | Killed a boulder beetle
 12722 | Lair:1   | Entered Level 1 of the Lair of Beasts
 12760 | Lair:1   | Reached skill level 5 in Conjurations
 12760 | Lair:1   | Reached XP level 12. HP: 51/82 MP: 26/26
 12892 | Lair:1   | Identified 2 scrolls of acquirement
 12892 | Lair:1   | Acquired the Tome of Ensnaring Clouds
 12894 | Lair:1   | Acquired the Disquisition on the Wind and Fire
 13145 | Lair:1   | Reached skill level 1 in Fire Magic
 13997 | Lair:1   | HP: 2/84 [cane toad (16)]
 14000 | Lair:1   | Reached skill level 11 in Spellcasting
 14243 | Lair:2   | Found a staircase to the Shoals.
 14319 | Lair:2   | Found a frozen archway.
 14319 | Lair:2   | Noticed Erica
 14354 | Lair:2   | Offered knowledge of Searing Ray by Vehumet.
 14529 | Lair:2   | Reached *** piety under Vehumet
 14552 | Lair:2   | Killed Erica
 14703 | Lair:2   | Upgraded the game from 0.31-a0-1227-g0136665373 to
                  | 0.31-a0-1237-gabc64e778c
 14740 | Lair:2   | Learned a level 2 spell: Searing Ray
 15192 | Lair:2   | Offered knowledge of Volatile Blastmotes by Vehumet.
 15193 | Lair:2   | Reached XP level 13. HP: 90/90 MP: 25/28
 15791 | Lair:3   | Reached **** piety under Vehumet
 15981 | Lair:3   | Found a staircase to the Snake Pit.
 15989 | Lair:3   | Reached skill level 5 in Fire Magic
 16093 | Lair:3   | Reached skill level 12 in Spellcasting
 16095 | Lair:3   | Offered knowledge of Lee's Rapid Deconstruction by Vehumet.
 16108 | Lair:3   | Learned a level 6 spell: Starburst
 18079 | Lair:4   | Reached XP level 14. HP: 97/97 MP: 18/30
 19203 | Lair:5   | Entered Level 5 of the Lair of Beasts
 19457 | Lair:5   | Reached ***** piety under Vehumet
 19457 | Lair:5   | Offered knowledge of Eringya's Noxious Bog by Vehumet.
 19872 | Lair:5   | Reached skill level 13 in Spellcasting
 20341 | Lair:5   | Found a staircase to the Slime Pits.
 21222 | Lair:5   | Noticed a dire elephant
 21408 | D:11     | Bought a scroll of identify for 34 gold pieces
 21408 | D:11     | Bought a scroll of identify for 34 gold pieces
 21557 | D:11     | Noticed Josephine
 21565 | D:11     | Killed Josephine
 21566 | D:11     | Reached skill level 14 in Spellcasting
 22070 | D:11     | Found Zajagao's Weapon Shop.
 22482 | D:12     | Learned a level 6 spell: Plasma Beam
 22594 | D:12     | Identified the +0 robe of Vuuxziom {Harm Will++}
 22600 | D:12     | Found a staircase to the Orcish Mines.
 23429 | D:12     | Reached XP level 15. HP: 101/101 MP: 31/33
 23584 | D:12     | Paralysed by a vampire knight for 5 turns
 23590 | D:12     | Reached skill level 5 in Air Magic
 23626 | D:12     | Noticed an orc warlord
 24257 | D:12     | Killed an orc warlord
 24758 | D:13     | Reached skill level 1 in Shields
 26387 | Orc:1    | Entered Level 1 of the Orcish Mines
 26535 | Orc:1    | Noticed Fannar
 26540 | Orc:1    | Killed Fannar
 26571 | Orc:1    | Offered knowledge of Bombard by Vehumet.
 26700 | D:12     | Learned a level 6 spell: Bombard
 26705 | Orc:1    | Noticed an orc warlord
 26828 | D:12     | Killed an orc warlord
 26829 | D:12     | Reached skill level 1 in Earth Magic
 27205 | Orc:1    | Found a bloodstained altar of Trog.
 27495 | Orc:2    | Entered Level 2 of the Orcish Mines
 28188 | Orc:2    | Found a staircase to the Elven Halls.
 28284 | Orc:2    | Found a runed translucent door.
 28286 | Orc:2    | Noticed xnavy's ghost (journeyman SpHs)
 30940 | Orc:2    | Found Duitz's General Store.
 30980 | Orc:2    | Found Gelloan's Book Shoppe.
 30982 | Orc:2    | Found Ganuohez's Antique Armour Emporium.
 30982 | Orc:2    | Found Wovve's Antique Weapon Emporium.
 30987 | Orc:2    | Bought a scroll of blinking for 127 gold pieces
 31000 | Orc:2    | Bought a runed buckler for 232 gold pieces
 31383 | Orc:2    | Killed xnavy's ghost
 31384 | Orc:2    | Reached skill level 5 in Earth Magic
 31389 | Orc:2    | Identified the ring of Hawato {rPois Will+ AC+4 Dex+3}
 32017 | D:14     | Reached skill level 5 in Shields
 32018 | D:14     | Reached skill level 15 in Spellcasting
 32260 | D:14     | Found a gate to the Vaults.
 32373 | D:14     | Noticed Azrael
 32379 | D:14     | Killed Azrael
 33014 | D:14     | Reached XP level 16. HP: 58/108 MP: 20/35
 33250 | D:15     | Entered Level 15 of the Dungeon
 33827 | D:15     | Noticed Roxanne
 34074 | D:15     | Offered knowledge of Orb of Destruction by Vehumet.
 35255 | D:15     | Found a staircase to the Depths.
 35592 | Shoals:1 | Entered Level 1 of the Shoals
 35706 | Shoals:1 | Noticed Louise
 35802 | Shoals:1 | Killed Louise
 35873 | Shoals:1 | Noticed a kraken
 35882 | Shoals:1 | Killed a kraken
 36118 | Shoals:1 | Reached skill level 10 in Conjurations
 36644 | Shoals:2 | Noticed a kraken
 36644 | Shoals:2 | Noticed a kraken
 36644 | Shoals:2 | Noticed a kraken
 36644 | Shoals:2 | Noticed a kraken
 36905 | Shoals:2 | Noticed Polyphemus
 37148 | Shoals:2 | Killed Polyphemus
 37156 | Shoals:2 | Reached XP level 17. HP: 112/112 MP: 32/36
 37314 | Shoals:2 | Offered knowledge of Freezing Cloud by Vehumet.
 37859 | Shoals:2 | Reached skill level 16 in Spellcasting
 38045 | Shoals:2 | Killed a kraken
 38052 | Shoals:2 | Killed a kraken
 38176 | Shoals:2 | Killed a kraken
 38301 | Shoals:2 | Killed a kraken
 39451 | Shoals:4 | Entered Level 4 of the Shoals
 39461 | Shoals:4 | Noticed a kraken
 40117 | Shoals:4 | Identified the +0 orcbow of Iconoclasm {antimagic, Dex+5
                  | Stlth+}
 40249 | Shoals:4 | Reached skill level 10 in Dodging
 40735 | Shoals:4 | Identified the +5 demon blade of Acoifois {elec, rElec rF+
                  | rC-}
 40878 | Shoals:4 | Noticed Mara
 40880 | Shoals:4 | Noticed backslashecho's illusion
 41068 | Snake:1  | Entered Level 1 of the Snake Pit
 41226 | Snake:1  | Reached skill level 10 in Fire Magic
 41428 | Snake:1  | Noticed Mlioglotl
 41433 | Snake:1  | Killed Mlioglotl
 41870 | Snake:1  | Offered knowledge of Ozocubu's Refrigeration by Vehumet.
 42252 | Snake:1  | You fall into a shaft and drop 1 floor!
 43017 | Snake:2  | Reached XP level 18. HP: 118/118 MP: 34/38
 44252 | Snake:2  | Found a runed translucent door.
 44253 | Snake:2  | Noticed Luurhike's ghost (adept MiFi)
 45305 | Snake:4  | Entered Level 4 of the Snake Pit
 45882 | Snake:3  | Reached skill level 10 in Shields
 46075 | Snake:3  | Reached skill level 17 in Spellcasting
 47703 | Snake:4  | Offered knowledge of Conjure Ball Lightning by Vehumet.
 49019 | Snake:4  | Found a runed translucent gate.
 49020 | Snake:4  | Found a runed translucent gate.
 49021 | Snake:4  | Found a runed translucent gate.
 49415 | Snake:4  | Noticed Saint Roka
 49423 | Snake:4  | Killed Saint Roka
 49969 | Snake:4  | Reached XP level 19. HP: 124/124 MP: 40/40
 50339 | Snake:4  | Offered knowledge of Spellforged Servitor by Vehumet.
 50598 | Snake:4  | Got a serpentine rune of Zot
 51806 | Shoals:4 | Found a white marble altar of Elyvilon.
 51823 | Shoals:4 | Got a barnacled rune of Zot
 51847 | Shoals:4 | Identified the +8 falchion "Wasiefeq" {holy, rN+ Str+4}
 51870 | Shoals:4 | Noticed backslashecho's illusion
 51962 | Shoals:4 | Found a glowing silver altar of Zin.
 52198 | Shoals:4 | Found a glowing golden altar of the Shining One.
 52657 | Vaults:1 | Entered Level 1 of the Vaults
 54202 | Vaults:1 | Learned a level 3 spell: Stone Arrow
 54369 | Vaults:1 | Reached skill level 18 in Spellcasting
 54375 | Vaults:1 | Learned a level 5 spell: Borgnjor's Vile Clutch
 55097 | Vaults:2 | Reached skill level 1 in Evocations
 56176 | Vaults:2 | Reached XP level 20. HP: 129/129 MP: 38/42
 56473 | Vaults:2 | Reached skill level 5 in Evocations
 57053 | Vaults:3 | Found a flickering gateway to a bazaar.
 57069 | Bazaar   | Entered a bazaar
 57121 | Bazaar   | Found Nanieng's Antique Weapon Boutique.
 57168 | Bazaar   | Found Rutale's Assorted Antiques.
 57175 | Bazaar   | Bought a scroll of revelation for 202 gold pieces
 57182 | Bazaar   | Found Ubruceb's Assorted Antiques.
 57190 | Bazaar   | Bought a scroll of blinking for 165 gold pieces
 57190 | Bazaar   | Bought a scroll labelled OGYNAZ IDUORORGH for 22 gold
                  | pieces
 57190 | Bazaar   | Bought a scroll labelled IKENU MYSM for 22 gold pieces
 57209 | Bazaar   | Bought a potion of invisibility for 216 gold pieces
 57209 | Bazaar   | Bought a scroll of fear for 108 gold pieces
 57209 | Bazaar   | Bought a brightly glowing lead ring for 135 gold pieces
 57209 | Bazaar   | Identified the ring of Lucidity {rPois rC- Int+6 Dex+5}
                  | (You bought it in a shop in a bazaar)
 58021 | Bazaar   | Bought a wand of light (7) for 793 gold pieces
 58837 | Vaults:3 | Found a staircase to the Crypt.
 58896 | Vaults:3 | Reached skill level 1 in Necromancy
 59059 | Vaults:3 | Found a portal to a secret trove of treasure.
 60110 | Vaults:4 | Reached ****** piety under Vehumet
 61401 | Vaults:4 | Found Seleatzu's Assorted Antiques.
 61405 | Vaults:4 | Bought a knobbly iron ring for 180 gold pieces
 62502 | Vaults:4 | Found Ywassid's Assorted Antiques.
 62510 | Vaults:4 | Bought a scroll of amnesia for 124 gold pieces
 62820 | D:11     | Bought a scroll of amnesia for 68 gold pieces
 62820 | D:11     | Bought a scroll of teleportation for 51 gold pieces
 62820 | D:11     | Bought a scroll of fog for 68 gold pieces
 62908 | D:11     | Learned a level 8 spell: Ignition
 63062 | Elf:1    | Entered Level 1 of the Elven Halls
 63062 | Elf:1    | Found a runed translucent gate.
 63062 | Elf:1    | Found a runed translucent gate.
 63062 | Elf:1    | Found a runed translucent gate.
 63062 | Elf:1    | Found a runed translucent gate.
 63062 | Elf:1    | Found a runed translucent gate.
 63062 | Elf:1    | Found a runed translucent gate.
 63063 | Elf:1    | Found a runed translucent door.
 63109 | Elf:1    | Offered knowledge of Lehudib's Crystal Spear by Vehumet.
 63109 | Elf:1    | Offered knowledge of Shatter by Vehumet.
 63109 | Elf:1    | Offered knowledge of Polar Vortex by Vehumet.
 63139 | Elf:1    | Reached skill level 5 in Necromancy
 63844 | Elf:1    | Reached XP level 21. HP: 135/135 MP: 22/43
 64399 | Elf:1    | Reached skill level 10 in Evocations
 64726 | Elf:1    | Found a runed translucent door.
 65738 | Elf:2    | Found Farum's Tiny Tomes.
 66324 | Elf:2    | Identified the +2 quarterstaff "Jocoej" {flame, Dex+5}
 66395 | Elf:2    | Found a runed translucent gate.
 66395 | Elf:2    | Found a runed translucent gate.
 66396 | Elf:2    | Found a runed translucent gate.
 66445 | Elf:2    | Found a large runed translucent door.
 66445 | Elf:2    | Found a large runed translucent door.
 66445 | Elf:2    | Noticed grandjackal's ghost (adept DsGl)
 66619 | Elf:2    | Learned a level 4 spell: Iskenderun's Mystic Blast
 66942 | Elf:2    | Found Tatetih's Weapon Shoppe.
 67378 | Elf:3    | Entered Level 3 of the Elven Halls
 67407 | Elf:3    | Noticed Nikola
 67675 | Elf:2    | Identified the ring "Ipre Mub" {*Slow rElec rPois MP+9
                  | Stlth+}
 68049 | Elf:3    | Reached skill level 19 in Spellcasting
 68113 | Elf:3    | Reached skill level 15 in Fire Magic
 68121 | Elf:3    | Killed Nikola
 68435 | Elf:3    | Identified the +4 war axe of Fonkischi {pain, rN+ Str-3
                  | Dex+2 Stlth+}
 69200 | Elf:3    | Identified the ring "Vofuxkev" {Fly rF+ Int+2 Stlth-}
 69341 | Elf:3    | Learned a level 8 spell: Maxwell's Capacitive Coupling
 69633 | Elf:3    | Identified the serpent talisman of the Comet {Int+3 Dex-4
                  | SInv}
 69633 | Elf:3    | Noticed Aizul
 69638 | Elf:3    | Killed Aizul
 71027 | Depths:1 | Entered Level 1 of the Depths
 71041 | Depths:1 | Noticed Asterion
 71043 | Depths:1 | Killed Asterion
 71044 | Depths:1 | Reached XP level 22. HP: 107/141 MP: 14/45
 71912 | Depths:1 | Noticed the Enchantress
 72812 | Lair:5   | Reached skill level 15 in Shields
 72987 | Lair:5   | Identified the +1 shortbow "Onowes" {flame, rC+}
 73129 | Slime:1  | Entered Level 1 of the Pits of Slime
 73610 | Slime:3  | Reached skill level 20 in Spellcasting
 74196 | Slime:5  | Entered Level 5 of the Pits of Slime
 74579 | Slime:5  | Noticed the Royal Jelly
 74580 | Slime:5  | Killed from afar by an acid blob

Illustrated notes

Levels and vault maps discovered:
D:1:      mushboom_english_gardens, layout_rooms, minivault_14,
          serial_park_tiny_2, nicolae_concentric_dashed_squares_wild
D:2:      layout_loops_ring, basic_altar, serial_shops,
          nicolae_shop_temple_entry_statues_fountains, lexackson_kobold_supper
D:3:      layout_basic, uniq_natasha, uniq_sigmund, uniq_robin
D:4:      layout_loops_ring, minmay_misc_feat_more_columns
D:5:      layout_loops_ring, kennysheep_slug_shrine
D:6:      minmay_chambers_of_sixes, layout_cave_pools,
          grunt_dithmenos_smoke_and_mirrors, lemuel_round_altar,
          minmay_temple_entry_sparse_star, serial_shops, shop,
          roderic_roman_lattice, uniq_blork_the_orc
D:7:      layout_basic, mainiacjoe_overflow_alcove_4, kennysheep_flooded_box
D:8:      layout_loops_corners, kennysheep_mini_moat,
          due_lair_maze_entry_diamond
D:9:      layout_stronghold, grunt_temple_overflow_lords_of_destruction,
          lemuel_round_altar, fedhas_altar_1, mainiacjoe_overflow_24_doors,
          serial_shops, shop, kennysheep_cluttered_room, uniq_grum
D:10:     layout_big_octagon, lemuel_crystal_altar, enter_bailey_4,
          hangedman_decor_lopped, grunt_ogre_cave, uniq_snorg
D:11:     layout_basic, serial_shops, nicolae_shop_bloodbath_and_beyond,
          nicolae_shop_rolled_up, shop, shop, nicolae_shop_hallway_plus,
          uniq_josephine
D:12:     thingy_vault, layout_small_grid, david_orc_3, minivault_19
D:13:     layout_layer_cave, lemuel_flame_loot_1
D:14:     layout_stronghold, david_vaults_2, serial_park_square2, uniq_azrael
D:15:     gammafunk_enter_depths_forms, layout_cave_pools,
          hangedman_abyss_or_decor_passed, uniq_roxanne
Temple:   hellmonk_temple_divided_pantheon
Lair:1:   layout_regular_city
Lair:2:   layout_loops_ring, minmay_shoals_entry_beasts,
          portal_ice_cave_demonic_guard, uniq_erica
Lair:3:   layout_cave_pods, nicolae_snake_entry_warm_welcome,
          beast_lair_carwin_6, grunt_megastairs_5
Lair:4:   layout_roguey
Lair:5:   due_jungle_book, layout_gridlike, minmay_slime_entry_pillars,
          serial_bayou_lagoon_b
Shoals:1: layout_shoals, uniq_louise
Shoals:2: layout_shoals, nicolae_shoals_kraken_party, uniq_polyphemus
Shoals:3: layout_shoals
Shoals:4: shoals_end_hellmonk_holy_island, uniq_mara
Snake:1:  layout_layer_cave, uniq_mlioglotl
Snake:2:  layout_misc_corridors, gammafunk_ghost_grave
Snake:3:  layout_layer_cave, grunt_ministairs_6, lemuel_fruit_tree,
          grunt_megastairs_3
Snake:4:  grunt_snake_rune_pools, layout_misc_corridors,
          nicolae_snake_horde_hoard, uniq_saint_roka
Slime:1:  layout_caves, basic_altar
Slime:2:  layout_caves
Slime:3:  layout_caves
Slime:4:  cheibrodos_slime_lost_civilization_2, layout_caves
Slime:5:  slime_pit_nicolae_inversion
Orc:1:    layout_caves, basic_altar, uniq_fannar
Orc:2:    st_orc_congregation, layout_caves, ebering_ghost_reflecting_pool,
          einodemon_barbed_minivault
Elf:1:    nicolae_elf_arrival_dilemma, layout_loops_corners,
          minmay_elf_crystal_heptagon
Elf:2:    nicolae_elf_blades_splatter_lattice [nooodl_blade_entry_preview],
          layout_loops_corners, serial_shops, shop, ebering_ghost_disaster_area,
          drop_trap, nicolae_shop_i_like_small_books_too, guppyfry_library_mini
Elf:3:    grunt_elf_hall_spiral, layout_gridlike, minmay_misc_feat_columns,
          minivault_11, uniq_aizul, uniq_nikola
Vaults:1: ontoclasm_vaults_pinch, grunt_vaults_swirl, vaults_mumra_lcd,
          nicolae_vaults_trapezoid_layered, v_pattern_1,
          nicolae_vaults_little_squares_2, nicolae_vaults_shipping_containers_7,
          nicolae_vaults_yaktaur_gun_rack, nicolae_vaults_asterisk,
          layout_vaults_omnicross
Vaults:2: nicolae_vaults_diagonal_hallway_9, hangedman_vaults_slice,
          vaults_dpeg_emergency_exit, hangedman_vaults_variations, v_misc_9,
          nicolae_vaults_double_plus_1, hangedman_vaults_locks,
          nicolae_vaults_wine_cellar, nicolae_vaults_tetromino_T_1, v_misc_27,
          nicolae_vaults_diamond_2, layout_vaults_chaotic_city
Vaults:3: ontoclasm_vaults_loading_screen, hangedman_vaults_stream,
          nicolae_vaults_trapezoid_1, hangedman_vaults_trim,
          layout_vaults_omnigrid, serial_shops, bzr_entry_lakeside,
          enter_trove_5
Vaults:4: nicolae_vaults_closet_pinwheel_2, nicolae_vaults_weapon_check,
          nicolae_vaults_storage_room_statues, vaults_room_grid,
          grunt_vaults_trifunnel, nicolae_vaults_storage_closets_2, st_cells,
          dpeg_vaults_monster_row, ontoclasm_vaults_claustrophobia, v_misc_10,
          layout_vaults_ring, serial_shops, shop, nicolae_shop_stone
Depths:1: layout_long_grid, nicolae_hell_entry_hellmouth_sunbeams,
          minmay_fountain_box, chequers_serial_rivers_small_3,
          nicolae_uskayaw_murder_on_the_dancefloor, uniq_asterion,
          uniq_enchantress

Skill      XL: |  1  2  3  4  5  6  7  8  9 10 11 12 13 14 15 16 17 18 19 20 21 22 |
---------------+-------------------------------------------------------------------+-----
Stealth        | 3 4 |  4.0
Ice Magic      | 6 7 9 10 | 10.0
Spellcasting   | 3 4 6 7 9 10 11 12 14 15 16 17 18 19 20 | 20.2
Short Blades   | 1 2 |  2.0
Fighting       | 2 4 5 6 8 9 |  9.0
Summonings     | 3 4 |  4.0
Dodging        | 4 5 8 9 10 | 10.7
Conjurations   | 5 8 9 10 12 | 12.0
Poison Magic   | 3 |  3.0
Air Magic      | 2 4 6 9 |  9.0
Fire Magic     | 1 7 9 10 12 13 14 15 16 | 16.0
Shields        | 5 8 9 12 14 15 | 15.8
Earth Magic    | 6 8 |  8.0
Evocations     | 4 9 11 | 11.0
Necromancy     | 5 6 |  6.0

Action                     |  1- 3 |  4- 6 |  7- 9 | 10-12 | 13-15 | 16-18 | 19-21 | 22-24 || total
---------------------------+-------+-------+-------+-------+-------+-------+-------+-------++-------
  Melee: Constrict         |    16 |     8 |     7 |    19 |    22 |     6 |     4 |       ||    82
         Unarmed           |     2 |       |       |       |       |       |       |       ||     2
         Dagger            |    37 |    21 |    48 |   119 |    92 |    60 |     5 |       ||   382
         Tentacles         |     7 |     2 |    14 |    42 |    24 |    21 |    10 |     1 ||   121
         Punch             |       |       |       |     2 |     3 |       |     1 |       ||     6
         Staff             |       |       |       |     7 |     3 |       |    12 |     4 ||    26
         Demon blade       |       |       |       |       |       |       |     8 |       ||     8
   Cast: Freeze            |    29 |    22 |    52 |    54 |     1 |       |       |       ||   158
         Frozen Ramparts   |     2 |    14 |    24 |    45 |    46 |     2 |       |       ||   133
         Ozocubu's Armour  |       |     2 |     3 |    11 |     6 |       |       |       ||    22
         Summon Ice Beast  |       |       |     6 |    39 |    57 |       |       |       ||   102
         Hailstorm         |       |       |       |    24 |    33 |     6 |     1 |       ||    64
         Magic Dart        |       |       |       |    85 |     4 |       |     3 |       ||    92
         Mephitic Cloud    |       |       |       |    39 |    27 |     6 |     3 |       ||    75
         Searing Ray       |       |       |       |     4 |    59 |     1 |       |       ||    64
         Starburst         |       |       |       |       |   132 |    37 |    55 |     5 ||   229
         Plasma Beam       |       |       |       |       |   205 |   504 |   564 |    89 ||  1362
         Bombard           |       |       |       |       |     9 |     2 |    49 |     5 ||    65
         Stone Arrow       |       |       |       |       |       |       |    15 |    12 ||    27
         Borgnjor's Vile C |       |       |       |       |       |       |    17 |     2 ||    19
         Ignition          |       |       |       |       |       |       |     6 |    21 ||    27
         Iskenderun's Myst |       |       |       |       |       |       |       |     9 ||     9
  Evoke: Wand              |       |       |    11 |    14 |     9 |       |     1 |     2 ||    37
         Lightning rod     |       |       |       |     3 |       |       |       |       ||     3
    Use: Scroll            |     3 |     6 |     3 |    12 |     7 |     2 |    19 |     1 ||    53
         Potion            |       |       |       |     1 |     2 |     2 |     1 |       ||     6
   Stab: Sleeping          |     8 |     5 |     7 |     7 |     1 |       |       |     1 ||    29
         Distracted        |     1 |       |     1 |       |     1 |       |       |       ||     3
         Confused          |       |       |       |     6 |     3 |       |       |       ||     9
 Armour: Skin              |    12 |    11 |    44 |    77 |   115 |    92 |    86 |    34 ||   471
  Dodge: Dodged            |    44 |    38 |    61 |   172 |   195 |   167 |    92 |    20 ||   789
  Block: Buckler           |       |       |       |       |    21 |    42 |       |       ||    63
         Kite shield       |       |       |       |       |       |    59 |   116 |    38 ||   213
         Reflection        |       |       |       |       |       |    16 |    43 |     1 ||    60
         Form:             |       |       |     1 |       |       |       |       |       ||     1
         Death             |       |       |     1 |       |       |       |       |       ||     1

Table legend: (Time is in decaauts)
 A = Elapsed time spent in this place.
 B = Non-inter-level travel time spent in this place.
 C = Inter-level travel time spent in this place.
 D = Time resting spent in this place.
 E = Time spent auto-exploring this place.
 F = Levels seen in this place.
 G = Mean time per level.
                   A        B        C        D        E       F      G
               +--------+--------+--------+--------+--------+-----+--------+
         Total |  74663 |  67365 |   7298 |  24148 |  31347 |  46 | 1623.1 |
       Dungeon |  22968 |  20092 |   2876 |   5363 |  11125 |  15 | 1531.2 |
        Temple |     18 |     18 |      0 |      0 |      0 |   1 |   18.0 |
          Lair |  10486 |   9542 |    944 |   2791 |   4824 |   5 | 2097.2 |
        Shoals |   6844 |   6016 |    828 |   3056 |   1971 |   4 | 1711.0 |
     Snake Pit |   9292 |   8684 |    608 |   4056 |   3639 |   4 | 2323.0 |
    Slime Pits |   1323 |   1290 |     33 |   1025 |      0 |   5 |  264.6 |
  Orcish Mines |   5158 |   4893 |    265 |   1851 |   2068 |   2 | 2579.0 |
   Elven Halls |   7319 |   6668 |    651 |   2746 |   2748 |   3 | 2439.7 |
        Vaults |   9201 |   8113 |   1088 |   2377 |   4587 |   4 | 2300.2 |
        Depths |    166 |    163 |      3 |     70 |     13 |   1 |  166.0 |
        Bazaar |    970 |    970 |      0 |    551 |    114 |   1 |  970.0 |
        Bailey |    912 |    912 |      0 |    261 |    258 |   1 |  912.0 |
               +--------+--------+--------+--------+--------+-----+--------+

Top non-repeatable levels by time:
   Orc:2: 4536 daAuts
 Snake:3: 3140 daAuts
Shoals:3: 2957 daAuts
Vaults:4: 2911 daAuts
    D:12: 2726 daAuts
  Lair:5: 2720 daAuts
 Snake:4: 2719 daAuts
   Elf:3: 2637 daAuts
   Elf:1: 2634 daAuts
    D:14: 2594 daAuts
Vaults:1: 2534 daAuts
  Lair:3: 2471 daAuts
    D:11: 2434 daAuts
    D:15: 2184 daAuts
  Lair:4: 2139 daAuts
